 Dungeon Crawl Stone Soup version 0.29.1-4-g47bece8355 (webtiles) character file.

Game seed: 13475370243029745321

778 Descartes the Magician (level 7, -2/36 HPs)
             Began as a Deep Elf Fire Elementalist on Dec 8, 2022.
             Slain by a steam dragon (7 damage)
             ... on level 5 of the Dungeon.
             The game lasted 00:10:39 (7189 turns).

Descartes the Magician (Deep Elf Fire Elementalist) Turns: 7189, Time: 00:10:40

Health: -2/36      AC:  5    Str:  7    XL:     7   Next: 54%
Magic:  13/17      EV: 14    Int: 20    God:
Gold:   270        SH:  0    Dex: 15    Spells: 16/17 levels left

rFire   . . .      SeeInvis .   t - +1 dagger (speed)
rCold   . . .      Faith    .   (no shield)
rNeg    . . .      Spirit   .   a - +0 robe
rPois   .          Reflect  .   z - +2 helmet
rElec   .          Harm     .   (no cloak)
rCorr   .          Rampage  .   (no gloves)
Will    +....                   (no boots)
Stlth   +++.......              e - amulet of the acrobat
HPRegen 0.12/turn               i - ring of willpower
MPRegen 0.15/turn               (no ring)

@: no status effects
A: no striking features
a: no special abilities


You were on level 5 of the Dungeon.
You visited 1 branch of the dungeon, and saw 6 of its levels.

You collected 270 gold pieces.

Inventory:

Hand Weapons
 t - a +1 dagger of speed (weapon)
Missiles
 p - 3 boomerangs
 u - 6 poisoned darts
Armour
 a - a +0 robe (worn)
 k - an orb of light
 z - a +2 helmet (worn)
Magical Staves
 w - a staff of poison
 x - a staff of air
Jewellery
 e - an amulet of the acrobat (around neck)
 i - a ring of willpower (left hand)
Scrolls
 c - 4 scrolls of identify {unknown}
 d - 2 scrolls of teleportation {unknown}
 f - 2 scrolls of vulnerability {unknown}
 g - a scroll of brand weapon {unknown}
 h - a scroll of butterflies {unknown}
 j - a scroll of noise {unknown}
 m - 3 scrolls of immolation
 n - a scroll of enchant armour {unknown}
 o - a scroll of fear {unknown}
 q - a scroll of blinking {unknown}
 r - 2 scrolls of enchant weapon {unknown}
 v - a scroll of amnesia {unknown}
 y - a scroll of summoning {unknown}
Potions
 b - 5 potions of magic
 l - a potion of heal wounds {unknown}
 s - a potion of ambrosia {unknown}
 A - a potion of mutation {unknown}
 B - a potion of lignification {unknown}


   Skills:
 + Level 5.1 Dodging
 + Level 5.3 Stealth
 + Level 5.6 Spellcasting
 + Level 4.2 Conjurations
 + Level 5.3 Fire Magic


You had 16 spell levels left.
You knew the following spells:

 Your Spells              Type           Power      Damage    Failure   Level
a - Foxfire               Conj/Fire      96%        2x1d8     1%          1

Your spell library contained the following spells:

 Spells                   Type           Power      Damage    Failure   Level
 Scorch                   Fire           52%        2d7       1%          2
 Conjure Flame            Conj/Fire      24%        6-21      4%          3
 Inner Flame              Hex/Fire       16%        N/A       11%         3
 Dazzling Flash           Conj/Hex       28%        N/A       14%         3
 Stone Arrow              Conj/Erth      28%        3d8       14%         3
 Flame Wave               Conj/Fire      24%        2d8       16%         4
 Call Canine Familiar     Summ           5%         N/A       32%         3
 Portal Projectile        Hex/Tloc       10%        N/A       32%         3
 Leda's Liquefaction      Hex/Erth       2%         N/A       73%         4
 Irradiate                Conj/Tmut      7%         3d14      77%         5
 Lehudib's Crystal Spear  Conj/Erth      7%         10d3      100%        8


Dungeon Overview and Level Annotations

Branches:
Dungeon (6/15)
 Temple: D:4-7

Altars:
Okawaru
The Shining One


Message History

Confirm with . or Enter, or press ? or * to list all spells.
You conjure some foxfire!
The steam dragon barely misses you. x2
Unknown command.
The foxfire hits the steam dragon.
The steam dragon is lightly wounded.
The foxfire hits the steam dragon but does no damage.
The steam dragon is lightly wounded.
The steam dragon bites you. The steam dragon barely misses you.
Unknown command.
Casting: Foxfire (safe; 1% risk of failure)
Confirm with . or Enter, or press ? or * to list all spells.
You conjure some foxfire!
The steam dragon closely misses you. The steam dragon barely misses you.
The foxfire hits the steam dragon.
The steam dragon is lightly wounded.
The foxfire hits the steam dragon.
The steam dragon is lightly wounded.
The steam dragon completely misses you. x2
Casting: Foxfire (safe; 1% risk of failure)
Confirm with . or Enter, or press ? or * to list all spells.
You conjure some foxfire!
The steam dragon bites you but does no damage.
The steam dragon closely misses you.
Unknown command.
The foxfire hits the steam dragon but does no damage.
The steam dragon is lightly wounded.
The foxfire hits the steam dragon.
The steam dragon is lightly wounded.
The steam dragon breathes steam at you. The ball of steam misses you.
Casting: Foxfire (safe; 1% risk of failure)
Confirm with . or Enter, or press ? or * to list all spells.
You conjure some foxfire!
You are engulfed in a cloud of scalding steam.
The steam dragon bites you!
* * * LOW HITPOINT WARNING * * *
The steam dragon barely misses you.
The steam dragon attacks as you move away!
The steam dragon bites you!
You die...

## #...#....# #..>..#.....#..#
.## #...#....# #.....#.....#..#
..# #...#....# #.....#.....#..#
..# #...'....# #.....#.....'..'
..# #...##..###########.....####
.######..##+#.>..##......#####..#
.##..##..##...#...#......# #...
..............#§D.#......# #...
..............#v@§#......# #...
..#..##.......#v§.#......# #####
#.##'##.......#..§#..)...# #....
......#..##..###§.#......# #....
#...#....##..###.§###'#### #....
##.###....#.>....§#......# #....
.###.)....#.......#......# #####
##.###...##.......#......#
#...#....##.......#......#


You could see a steam dragon (ally target).

Vanquished Creatures
  2 water moccasins
  A centaur (D:5)
  A hound (D:5)
  3 orc priests
  A gnoll bouda (D:4)
  A jelly (D:4)
  3 orc wizards
  6 gnolls (D:4)
  4 adders
  A shadow imp (D:3)
  2 ufetubi
  6 worms
  A dart slug (D:1)
  14 orcs
  4 endoplasms
  8 giant cockroaches
  2 goblins
  6 hobgoblins
  9 jackals
  3 quokkas
  8 ball pythons
  7 bats
  3 frilled lizards
  9 kobolds
  7 rats
112 creatures vanquished.

Vanquished Creatures (others)
  566 foxfires
566 creatures vanquished.

Grand Total: 678 creatures vanquished

Notes
Turn   | Place    | Note
-------+----------+-------------------------------------------
     0 | D:1      | Descartes the Deep Elf Fire Elementalist began the quest
                  | for the Orb.
     0 | D:1      | Reached XP level 1. HP: 10/10 MP: 6/6
   446 | D:1      | Reached XP level 2. HP: 15/15 MP: 4/8
  1336 | D:1      | Got the Codex of Battle Magic and Pyromania
  1428 | D:1      | Reached XP level 3. HP: 18/19 MP: 6/9
  2241 | D:2      | Found an iron altar of Okawaru.
  2657 | D:3      | Found a faded altar of an unknown god.
  2960 | D:3      | Reached XP level 4. HP: 24/24 MP: 6/11
  3546 | D:2      | Reached XP level 5. HP: 7/28 MP: 0/13
  5024 | D:4      | Reached XP level 6. HP: 24/32 MP: 11/14
  5198 | D:4      | Noticed a water moccasin
  5228 | D:4      | Killed a water moccasin
  5654 | D:4      | Reached skill level 5 in Spellcasting
  6037 | D:4      | Found a glowing golden altar of the Shining One.
  6266 | D:5      | Entered Level 5 of the Dungeon
  6334 | D:5      | Reached XP level 7. HP: 36/36 MP: 12/16
  6462 | D:5      | Reached skill level 5 in Stealth
  6462 | D:5      | Reached skill level 5 in Fire Magic
  6788 | D:5      | Reached skill level 5 in Dodging
  7166 | D:6      | Noticed a steam dragon
  7189 | D:5      | Slain by a steam dragon

Illustrated notes

Levels and vault maps discovered:
D:1:      lemuel_arrival_room, layout_loops_corners, serial_aquarium,
          aquarium_bridge_long_joined [aquarium_subvault_bridge,
          aquarium_subvault_window, aquarium_subvault_balcony,
          aquarium_subvault_window, aquarium_subvault_wall,
          aquarium_subvault_bridge], aquarium_bridge_straight
          [aquarium_subvault_bridge, aquarium_subvault_window,
          aquarium_subvault_bridge, aquarium_subvault_wall],
          aquarium_window_corridor_2, aquarium_window_fake,
          aquarium_window_fake, aquarium_view_2d, minmay_nonomino_d4
D:2:      layout_rooms, basic_altar
D:3:      layout_loops_ring, hellmonk_ecumenical_altar_blasted,
          bh_walls_and_bars
D:4:      layout_basic, minmay_ruined_shrine
D:5:      layout_gridville, corexii_corridor_pit, minmay_between
D:6:      layout_loops_ring, xom_redecorated, lemuel_crystal_altar,
          minmay_temple_entry_gardened_gates, ebering_ghost_gozag, uniq_sigmund

Skill      XL: |  1  2  3  4  5  6  7 |
---------------+----------------------+-----
Stealth        | 3 4 5 |  5.3
Dodging        | 3 4 5 |  5.1
Conjurations   | 2 3 4 |  4.2
Fire Magic     | 4 5 |  5.3
Spellcasting   | 4 5 |  5.6

Action                   |  1- 3 |  4- 6 |  7- 9 || total
-------------------------+-------+-------+-------++-------
Melee: Unarmed           |     1 |       |       ||     1
       Dagger            |       |     9 |       ||     9
 Cast: Foxfire           |   137 |   170 |    41 ||   348
  Use: Potion            |       |     4 |       ||     4
Armor: Robe              |     8 |     5 |     4 ||    17
Dodge: Dodged            |    23 |    58 |    23 ||   104
